 Dungeon Crawl Stone Soup version 0.28.0-53-g5a82cb258f (webtiles) character file.

Game seed: 6678353719575504509

48 Gabide the Skirmisher (level 3, -1/30 HPs)
             Began as a Mummy Berserker on June 20, 2022.
             Was a Follower of Trog.
             Killed by divine providence
             ... invoked by an orc priest
              (13 damage)
             ... on level 3 of the Dungeon.
             The game lasted 00:01:13 (2180 turns).

Gabide the Skirmisher (Mummy Berserker)             Turns: 2180, Time: 00:01:13

Health: -1/30      AC:  2    Str: 22    XL:     3   Next: 50%
Magic:  3/3        EV: 12    Int:  6    God:    Trog [*.....]
Gold:   154        SH:  0    Dex: 11    Spells: 2/2 levels left

rFire   x . .      SeeInvis .     - Unarmed
rCold   + . .      Faith    .   (no shield)
rNeg    + + +      Spirit   .   a - +0 animal skin
rPois   ∞          Reflect  .   (no helmet)
rElec   .          Harm     .   (no cloak)
rCorr   .          Rampage  .   (no gloves)
Will    .....                   (no boots)
Stlth   +.........              (no amulet)
HPRegen 0.10/turn               (no ring)
MPRegen 0.08/turn               (no ring)

@: no status effects
A: cold resistance 1, negative energy resistance 3, torment resistance 2, heat
vulnerability 1, no potions
a: Renounce Religion


You were on level 3 of the Dungeon.
You worshipped Trog.
Trog was aware of your devotion.
You visited 1 branch of the dungeon, and saw 3 of its levels.

You collected 154 gold pieces.

Inventory:

Armour
 a - a +0 animal skin (worn)
Scrolls
 b - a scroll of identify
 c - a scroll of noise
 d - a scroll of enchant weapon {unknown}


   Skills:
 + Level 3.8 Fighting
 - Level 1.5 Armour
 - Level 1.5 Dodging
 + Level 3.1 Unarmed Combat


You had 2 spell levels left.
You didn't know any spells.
Your spell library was empty.

Dungeon Overview and Level Annotations

Branches:
Dungeon (3/15)

Altars:


Innate Abilities, Weirdness & Mutations

You are immune to poison.
Your flesh is cold resistant. (rC+)
You are immune to negative energy. (rN+++)
You are immune to unholy pain and torment.
You are vulnerable to heat. (rF-)
You do not drink.


Message History

No target in view!
No target in view! 2 orcs and an orc priest come into view.
Found a scroll labelled HYALAZXICSU and a fizzy black potion.
There are monsters nearby!
There are monsters nearby!
The orc shouts!
The orc hits you with a +0 club.
You punch the orc!
You kill the orc!
Trog accepts your kill.
The orc priest invokes the aid of Beogh against you.
Beogh smites you!
You hear a shout!
You are too injured to fight recklessly!
You are too injured to fight recklessly!
You are too injured to fight recklessly!
You are too injured to fight recklessly!
You are too injured to fight recklessly!
You are too injured to fight recklessly!
You are too injured to fight recklessly!
You are too injured to fight recklessly!
You are too injured to fight recklessly!
You are too injured to fight recklessly!
You are too injured to fight recklessly!
You are too injured to fight recklessly!
You are too injured to fight recklessly!
You are too injured to fight recklessly!
You are too injured to fight recklessly!
You are too injured to fight recklessly!
You are too injured to fight recklessly!
You are too injured to fight recklessly!
You are too injured to fight recklessly!
You can't drink.
As you read the scroll of identify, it crumbles to dust.
c - a scroll of noise The orc barely misses you.
The orc priest mumbles some strange prayers to Beogh against you.
Beogh smites you!
You die...

.≈≈♣P........+.....+
#.P≈P.P###..##...!.#
#P≈≈PPP###..##.....#
#.PP≈g.......'.....#
#.#P≈≈.....#†#.....#
#.Sg########.#.....#
... #.#.....#
#.########
#.@o.?o.!.
#########.


You could see an orc priest and an orc.

Vanquished Creatures
  An adder (D:2)
  2 dart slugs
  An orc (D:3)
  4 endoplasms
  3 giant cockroaches
  4 goblins (D:1)
  3 hobgoblins
  2 kobolds
  A quokka (D:1)
  3 ball pythons
  3 bats
  2 frilled lizards (D:1)
  2 rats
31 creatures vanquished.

Vanquished Creatures (others)
  8 plants (D:3)
8 creatures vanquished.

Grand Total: 39 creatures vanquished

Notes
Turn   | Place    | Note
-------+----------+-------------------------------------------
     0 | D:1      | Gabide the Mummy Berserker began the quest for the Orb.
     0 | D:1      | Reached XP level 1. HP: 18/18 MP: 1/1
   415 | D:1      | Reached XP level 2. HP: 24/24 MP: 2/2
  1372 | D:2      | Reached XP level 3. HP: 26/30 MP: 3/3
  2180 | D:3      | Killed from afar by an orc priest

Illustrated notes

Levels and vault maps discovered:
D:1:      amcnicky_arrival_abandoned_market, layout_basic
D:2:      layout_loops_ring, kennysheep_decorative_pillar
D:3:      layout_basic, hellmonk_ecumenical_altar_arch_garden,
          serial_bayou_lagoon_a

Skill      XL: |  1  2 |
---------------+-------+-----
Unarmed Combat | 3 |  3.1
Fighting       | |  3.8
Armour         | |  1.5
Dodging        | |  1.5

Action                   || total
-------------------------++-------
Melee: Unarmed           ||    82
       Punch             ||     3
  Use: Scroll            ||     2
 Stab: Sleeping          ||     1
Armor: Animal skin       ||    11
Dodge: Dodged            ||    43
